 Dungeon Crawl Stone Soup version 0.31-a0-1206-g41278d8d1d (webtiles) character file.

Game seed: 6668324700678152743

15 Maratek the Shooter (level 2, 0/18 HPs)
             Began as a Kobold Hunter on Dec 13, 2023.
             Frozen to death by an endoplasm (3 damage)
             ... on level 1 of the Dungeon.
             The game lasted 00:00:27 (170 turns).

Maratek the Shooter (Kobold Hunter)                  Turns: 170, Time: 00:00:27

Health: 0/18       AC:  3    Str:  8    XL:     2   Next: 65%
Magic:  2/2        EV: 14    Int: 10    God:
Gold:   15         SH:  0    Dex: 18    Spells: 1/1 levels left

rFire   . . .        a - +0 shortbow
rCold   . . .        (shield currently unavailable)
rNeg    . . .        c - +0 leather armour
rPois   .            (no helmet)
rElec   .            (no cloak)
rCorr   .            (no gloves)
SInv    .            (no boots)
Will    .....        (no amulet)
Stlth   +++          (no ring)
HPRegen 0.23/turn    (no ring)
MPRegen 0.08/turn

%: no passive effects
@: no status effects
A: small, no large weapons, nightstalker 3
a: no special abilities


You were on level 1 of the Dungeon.
You visited 1 branch of the dungeon, and saw 1 of its levels.

You collected 15 gold pieces.

Inventory:

Hand Weapons
 a - a +0 shortbow (weapon)
Armour
 c - a +0 leather armour (worn)
Scrolls
 b - a scroll of butterflies
Potions
 d - a potion of haste {unknown}


   Skills:
 + Level 2.5 Fighting
 + Level 5.5 Ranged Weapons
 + Level 2.8 Dodging
 + Level 2.0 Stealth


You had one spell level left.
You didn't know any spells.
Your spell library contained the following spells:

 Spells                   Type           Power      Damage    Failure   Level
 Dazzling Flash           Conj/Hex       0%         N/A       86%         3
 Volatile Blastmotes      Fire/Tloc      0%         2d10      86%         3
 Starburst                Conj/Fire      0%         6d3       100%        6
 Maxwell's Capacitive Co  Air            0%         ∞         100%        8


Dungeon Overview and Level Annotations

Branches:
Dungeon (1/15)

Altars:

Shops:
D:1 *


Innate Abilities, Weirdness & Mutations

You are small and have problems with some larger weapons.
You are completely attuned to the shadows.


Message History

Aim: a jackal (almost dead, 58% to hit)
You shoot an arrow. The arrow hits the jackal.
You kill the jackal!
The jackal closely misses you.
The jackal bites you but does no damage.
Unknown command.
Fire: a) +0 shortbow
Press: ? - help, Q - select action Shift-Dir - straight line, f - jackal
Aim: a jackal (58% to hit)
You shoot an arrow. The arrow hits the jackal.
The jackal is severely wounded.
The jackal barely misses you. The jackal bites you.
Fire: a) +0 shortbow
Press: ? - help, Q - select action Shift-Dir - straight line, f/p - jackal
Aim: a jackal (severely wounded, 58% to hit)
You shoot an arrow. The arrow closely misses the jackal.
The jackal completely misses you. The endoplasm closely misses you.
Unknown command.
Fire: a) +0 shortbow
Press: ? - help, Q - select action Shift-Dir - straight line, f/p - jackal
Aim: a jackal (severely wounded, 58% to hit)
You shoot an arrow. The arrow hits the jackal.
You kill the jackal!
The endoplasm misses you.
Fire: a) +0 shortbow
Press: ? - help, Q - select action Shift-Dir - straight line, f - endoplasm
Aim: an endoplasm (87% to hit)
You shoot an arrow.
The arrow hits the endoplasm but does no damage.
The endoplasm freezes you.
You are frozen.
* * * LOW HITPOINT WARNING * * *
Fire: a) +0 shortbow
Press: ? - help, Q - select action Shift-Dir - straight line, f/p - endoplasm
Aim: an endoplasm (87% to hit)
You shoot an arrow. The arrow hits the endoplasm.
The endoplasm is heavily wounded.
The endoplasm freezes you.
You are frozen.
You die...

#.###. ..# #.#.# #.#
#.#.# .# ..#
#.#.##.# ###
########.......
#.............#
######.########.....
#........# #..###
##.####.#.# #@.#
..§.§§..#.# ....J†#
...§§≈..# # #####.#
..§§..§.# .#
.§..∩..≈# .)
..≈...≈.# ...≈.≈..#
....≈.... ...##....


You could see an endoplasm.

Vanquished Creatures
  A dart slug (D:1)
  2 endoplasms (D:1)
  A hobgoblin (D:1)
  4 jackals (D:1)
  A ball python (D:1)
  A bat (D:1)
  2 kobolds (D:1)
12 creatures vanquished.

Notes
Turn   | Place    | Note
-------+----------+-------------------------------------------
     0 | D:1      | Maratek the Kobold Hunter began the quest for the Orb.
     0 | D:1      | Reached XP level 1. HP: 12/12 MP: 1/1
    50 | D:1      | Reached XP level 2. HP: 18/18 MP: 2/2
   126 | D:1      | Found Ifaonamy's Assorted Antiques.
   170 | D:1      | Frozen to death by an endoplasm

Illustrated notes

Levels and vault maps discovered:
D:1:      elethiomel_arrival_shortcut, layout_loops_ring, serial_shops,
          nicolae_diamond_shop

Skill      XL: |  1  2 |
---------------+-------+-----
Stealth        | 2 |  2.0
Fighting       | |  2.5
Ranged Weapons | |  5.5
Dodging        | |  2.8

Action                     || total
---------------------------++-------
   Fire: Shortbow          ||    38
 Armour: Leather armour    ||    14
  Dodge: Dodged            ||    23

Table legend: (Time is in decaauts)
 A = Elapsed time spent in this place.
 B = Non-inter-level travel time spent in this place.
 C = Inter-level travel time spent in this place.
 D = Time resting spent in this place.
 E = Time spent auto-exploring this place.
 F = Levels seen in this place.
 G = Mean time per level.
                   A        B        C        D        E       F      G
               +--------+--------+--------+--------+--------+-----+--------+
         Total |    176 |    176 |      0 |      0 |    118 |   1 |  176.0 |
       Dungeon |    176 |    176 |      0 |      0 |    118 |   1 |  176.0 |
               +--------+--------+--------+--------+--------+-----+--------+

Top non-repeatable levels by time:
     D:1: 176 daAuts
